 Dungeon Crawl Stone Soup version 0.29.1-4-g47bece8355 (webtiles) character file.

Game seed: 3546403448490940625

88 GigaChad the Covered (level 4, 0/40 HPs)
             Began as a Minotaur Fighter on Dec 5, 2022.
             Slain by an orc
             ... wielding a +0 club
              (1 damage)
             ... on level 3 of the Dungeon.
             The game lasted 00:07:41 (2453 turns).

GigaChad the Covered (Minotaur Fighter)             Turns: 2453, Time: 00:07:41

Health: 0/40       AC:  7    Str: 23    XL:     4   Next: 29%
Magic:  3/3        EV:  9    Int: 11    God:
Gold:   92         SH:  4    Dex:  9    Spells: 3/3 levels left

rFire   . . .      SeeInvis .   a - +2 war axe
rCold   . . .      Faith    .   c - +0 buckler
rNeg    . . .      Spirit   .   b - +0 scale mail
rPois   .          Reflect  .   (helmet restricted)
rElec   .          Harm     .   (no cloak)
rCorr   .          Rampage  .   (no gloves)
Will    .....                   (no boots)
Stlth   ..........              (no amulet)
HPRegen 0.13/turn               e - +6 ring of intelligence
MPRegen 0.08/turn               (no ring)

@: no status effects
A: horns 2, retaliatory headbutt
a: no special abilities


You were on level 3 of the Dungeon.
You visited 1 branch of the dungeon, and saw 3 of its levels.

You collected 92 gold pieces.

Inventory:

Hand Weapons
 a - a +2 war axe (weapon)
Armour
 b - a +0 scale mail (worn)
 c - a +0 buckler (worn)
 m - an orb of energy
Jewellery
 e - a +6 ring of intelligence (left hand)
 j - a +6 ring of dexterity
Scrolls
 f - a scroll of teleportation {unknown}
 g - a scroll of torment {unknown}
 h - 3 scrolls of identify
Potions
 d - a potion of might
 i - 4 potions of curing {unknown}
 k - a potion of attraction {unknown}
 l - a potion of flight {unknown}
 n - 2 potions of magic {unknown}


   Skills:
 + Level 4.2 Fighting
 + Level 3.3 Axes
 + Level 4.7 Armour
 + Level 0.7 Dodging
 + Level 4.1 Shields


You had 3 spell levels left.
You didn't know any spells.
Your spell library was empty.

Dungeon Overview and Level Annotations

Branches:
Dungeon (3/15)

Altars:


Innate Abilities, Weirdness & Mutations

You have a pair of horns on your head.
You reflexively headbutt those who attack you in melee.


Message History

You start resting.
A quokka comes into view.
A quokka is nearby!
Things that are here:
a +0 short sword; an orc corpse The quokka bites you.
You see here a hobgoblin corpse.
You barely miss the quokka.
The quokka twitches its whiskers.
The quokka closely misses you.
You barely miss the quokka.
The quokka twitches its whiskers.
The quokka bites you. The quokka closely misses you.
You slash the quokka!
You kill the quokka!
An orc wizard and an orc priest come into view.
The orc wizard shouts!
The orc priest shouts!
You hear a shout!
An orc comes into view. It is wielding a +0 club.
The orc priest invokes the aid of Beogh against you.
Beogh smites you! The orc wizard closely misses you. You furiously retaliate!
You headbutt the orc wizard. The orc priest barely misses you.
You miss the orc wizard.
The orc wizard is lightly wounded.
The orc wizard hits you with a +0 dagger.
An orc comes into view. It is wielding a +0 trident.
You barely miss the orc wizard.
The orc wizard is lightly wounded.
The orc shouts!
You hear a shout!
The orc wizard hits you but does no damage.
You slash the orc wizard! Your headbutt misses the orc wizard.
The orc wizard is severely wounded.
The orc wizard hits you but does no damage.
The orc priest mumbles some strange prayers to Beogh against you.
Beogh smites you!
* * * LOW HITPOINT WARNING * * *
You hit the orc.
The orc is heavily wounded.
The orc hits you with a +0 club.
You die...

.## #....#
####.# #.#
#.# #.#
#.# #.#
#.# #@#
#o# #o#
#o#
#....o#
o.o......
##.o#.....
#. #.##...
# #. .###


You could see an orc priest, an orc wizard and 2 orcs.

Vanquished Creatures
  3 adders
  A worm (D:2)
  2 dart slugs
  An orc (D:3)
  8 bats
  5 endoplasms
  2 giant cockroaches
  5 goblins
  6 hobgoblins
  4 jackals (D:2)
  2 quokkas
  4 ball pythons
  A frilled lizard (D:1)
  5 kobolds (D:1)
  A rat (D:1)
50 creatures vanquished.

Notes
Turn   | Place    | Note
-------+----------+-------------------------------------------
     0 | D:1      | GigaChad the Minotaur Fighter began the quest for the Orb.
     0 | D:1      | Reached XP level 1. HP: 19/19 MP: 0/0
   149 | D:1      | Reached XP level 2. HP: 27/27 MP: 1/1
   917 | D:1      | Reached XP level 3. HP: 33/33 MP: 2/2
  1245 | D:2      | Found a faded altar of an unknown god.
  2382 | D:3      | Reached XP level 4. HP: 40/40 MP: 3/3
  2452 | D:3      | HP: 1/40 [orc priest/divine providence (14)]
  2453 | D:3      | Slain by an orc

Illustrated notes

Levels and vault maps discovered:
D:1:      roderic_octagonal_star, layout_loops_ring
D:2:      layout_loops_corners, ebering_ecumenical_altar_petrified,
          minmay_stone_trees_medium
D:3:      layout_loops_ring, nzn_wu_jian_council_hall, minitemple

Skill      XL: |  1  2  3 |
---------------+----------+-----
Armour         | 4 |  4.7
Fighting       | 4 |  4.2
Shields        | 4 |  4.1
Axes           | 3 |  3.3
Dodging        | |  0.7

Action                   |  1- 3 |  4- 6 || total
-------------------------+-------+-------++-------
Melee: War axe           |    97 |    18 ||   115
       Headbutt          |    12 |     1 ||    13
  Use: Scroll            |     4 |       ||     4
Armor: Scale mail        |    65 |     7 ||    72
Dodge: Dodged            |    53 |     8 ||    61
Block: Buckler           |    29 |     2 ||    31
